 Dungeon Crawl Stone Soup version 0.27-a0-412-g8dd771eca2 (webtiles) character file.

Game seed: 17137276532851202528

820 Anon1729 the Reanimator (level 7, -6/46 HPs)
             Began as a Mummy Necromancer on Feb 23, 2021.
             Was an Initiate of Gozag.
             Mangled by a two-headed ogre
             ... wielding a +0 giant club
              (24 damage)
             ... on level 7 of the Dungeon on Feb 24, 2021.
             The game lasted 00:23:17 (8992 turns).

Anon1729 the Reanimator (Mummy Necromancer)         Turns: 8992, Time: 00:23:17

Health: -6/46      AC:  2    Str: 11    XL:     7   Next: 63%
Magic:  4/16       EV: 12    Int: 17    God:    Gozag
Gold:   196        SH:  0    Dex: 15    Spells: 3/19 levels left

rFire    x . .     SeeInvis +   o - +0 rapier
rCold    + . .     Faith    .   (no shield)
rNeg     + + +     Spirit   .   l - +0 robe of Fedhas's Scorn {Dex+3}
rPois    ∞         Reflect  .   (no helmet)
rElec    .         Harm     .   (no cloak)
rCorr    .         Rampage  .   (no gloves)
Will     .....                  (no boots)
Stlth    ++........             m - amulet of the acrobat
HPRegen  0.15/turn              q - ring of poison resistance
MPRegen  0.15/turn              b - ring of see invisible

@: no status effects
A: no potions, fire vulnerability, cold resistance 1, negative energy resistance
3, torment resistance, unbreathing
a: Renounce Religion, Potion Petition, Call Merchant, Bribe Branch


You were on level 7 of the Dungeon.
You worshipped Gozag.
Gozag was aware of your devotion.
You visited 2 branches of the dungeon, and saw 8 of its levels.

You collected 463 gold pieces.
You spent 186 gold pieces at shops.
You paid 81 gold pieces to Gozag.

Inventory:

Hand Weapons
 o - a +0 rapier (weapon)
Armour
 l - the +0 robe of Fedhas's Scorn (worn) {Dex+3}
   (You bought it in a shop on level 4 of the Dungeon)

   It affects your dexterity (+3).
Jewellery
 a - an amulet of faith
 b - a ring of see invisible (right hand)
 m - an amulet of the acrobat (around neck)
 n - a ring of resist corrosion
 q - a ring of poison resistance (left hand)
Wands
 i - a wand of paralysis (7)
 p - a wand of flame (7)
 r - a wand of random effects (7)
Scrolls
 c - 2 scrolls of immolation
 d - a scroll of enchant weapon
 e - 4 scrolls of teleportation
 f - 5 scrolls of amnesia
 g - a scroll of fear {unknown}
 h - 2 scrolls of fog {unknown}
 j - 4 scrolls of magic mapping
 k - 2 scrolls of enchant armour {unknown}
 t - a scroll of silence


   Skills:
 - Level 0.1 Fighting
 - Level 1.5 Dodging
 - Level 1.6 Stealth
 + Level 6.5 Spellcasting
 * Level 8.1 Necromancy


You had 3 spell levels left.
You knew the following spells:

 Your Spells              Type           Power        Failure   Level
a - Pain                  Necr           100%         1%          1
b - Animate Skeleton      Necr           66%          1%          1
c - Vampiric Draining     Necr           16%          1%          3
d - Animate Dead          Necr           16%          4%          4
e - Call Imp              Summ           5%           19%         2
f - Agony                 Necr           33%          12%         5

Your spell library contained the following spells:

 Spells                   Type           Power        Failure   Level
 Magic Dart               Conj           20%          12%         1
 Blink                    Tloc           N/A          19%         2
 Slow                     Hex            5%           19%         2
 Conjure Flame            Conj/Fire      5%           36%         3
 Mephitic Cloud           Conj/Pois/Air  5%           36%         3


Dungeon Overview and Level Annotations

Branches:
Dungeon (7/15)             Temple (1/1) D:5

Altars:
Ashenzari
Cheibriados
Dithmenos
Elyvilon
Fedhas
Gozag
Hepliaklqana
Kikubaaqudgha
Nemelex Xobeh
Okawaru
Qazlal
Ru
Sif Muna
Trog
Uskayaw
Vehumet
Wu Jian
Xom
Yredelemnul
Zin
The Shining One

Shops:
D:4 *?:[   D:6 =[**

Annotations:
D:5 kae's ghost, novice HOFi
D:6 Borgoz's ghost, novice GrBe; Maggie


Innate Abilities, Weirdness & Mutations

You do not drink.
Your flesh is vulnerable to fire.
You are immune to poison.
Your flesh is cold resistant. (rC+)
You are immune to negative energy. (rN+++)
You are immune to unholy pain and torment.
You can survive without breathing.


Message History

Casting: Call Imp (safe; 19% risk of failure)
Confirm with . or Enter, or press ? or * to list all spells.
A beastly little devil appears in a puff of flame.
An adder comes into view.
Your white imp gestures at the two-headed ogre.
The puff of frost hits the two-headed ogre.
Your crimson imp blinks!
Casting: Call Imp (safe; 19% risk of failure)
Confirm with . or Enter, or press ? or * to list all spells.
Aiming: Pain (safe; 1% risk of failure)
Press: ? - help, Shift-Dir - straight line, f - two-headed ogre
Aim: a two-headed ogre, wielding two +0 giant clubs (lightly wounded, ally target, chance to affect: 71%)
The two-headed ogre struggles to resist.
A quokka comes into view.
Your white imp hits the two-headed ogre.
Your white imp freezes the two-headed ogre.
Casting: Pain (safe; 1% risk of failure)
Confirm with . or Enter, or press ? or * to list all spells.
The spell is quite dangerous to cast (12% risk of failure)!
Continue anyway?
Aiming: Agony (quite dangerous; 12% risk of failure)
Press: ? - help, Shift-Dir - straight line, f/p - two-headed ogre
Aim: a two-headed ogre, wielding two +0 giant clubs (moderately wounded, ally target, chance to affect: 86%)
The two-headed ogre convulses!
The two-headed ogre hits you with a +0 giant club!
The two-headed ogre hits you with a +0 giant club!!
Your white imp gestures at the two-headed ogre.
The puff of frost hits the two-headed ogre!
Unknown command.
Casting: Agony (quite dangerous; 12% risk of failure)
Confirm with . or Enter, or press ? or * to list all spells.
Aiming: Vampiric Draining (safe; 1% risk of failure)
Press: ? - help, Shift-Dir - straight line, f/p - two-headed ogre
Aim: a two-headed ogre, wielding two +0 giant clubs (severely wounded, ally target)
The two-headed ogre is almost dead.
You feel life coursing into your body. The quokka misses you.
The adder bites your white imp. The two-headed ogre barely misses you.
The two-headed ogre hits you with a +0 giant club!!
Ouch! That really hurt!
You die...
Your body crumbles into a pile of gold.

.. .# .# ####
.# #...## .###
##..... ...###.
.......#.......
.....5O@#
.....Sr.#
.#....#.#
...5.###. ....#
# ...# ... ..


You could see a two-headed ogre (ally target), an adder, a quokka, a friendly
crimson imp (summoned) and a friendly white imp (summoned).

Vanquished Creatures
  Eustachio (D:5)
  Edmund (D:5)
  A sky beast (D:6)
  A phantom (D:5)
  A bullfrog (D:6)
  An orc priest (D:3)
  An orc wizard (D:3)
  5 worker ants
  A hound skeleton (D:6)
  A worker ant zombie (D:6)
  8 adders
  A river rat (D:5)
  A shadow imp (D:6)
  An ufetubus (D:6)
  An adder zombie (D:4)
  3 worms
  2 dart slugs
  3 leopard geckos
  8 orcs (D:3)
  4 bats
  5 giant cockroaches
  4 goblins
  12 hobgoblins
  2 jackals (D:1)
  8 kobolds
  2 quokkas (D:6)
  2 ball pythons
  A frilled lizard (D:2)
  A quokka skeleton (D:5)
  6 rats
89 creatures vanquished.

Vanquished Creatures (collateral kills)
  A bullfrog (D:5)
  An iguana (D:6)
  An adder (D:5)
  2 white imps (D:6)
  An ufetubus (D:6)
6 creatures vanquished.

Grand Total: 95 creatures vanquished

Notes
Turn   | Place    | Note
-------+----------+-------------------------------------------
     0 | D:1      | Anon1729 the Mummy Necromancer began the quest for the Orb.
     0 | D:1      | Reached XP level 1. HP: 13/13 MP: 4/4
   219 | D:1      | Reached XP level 2. HP: 9/19 MP: 2/5
   221 | D:1      | Learned a level 1 spell: Animate Skeleton
  1110 | D:1      | Reached XP level 3. HP: 24/24 MP: 5/7
  1150 | D:1      | Learned a level 3 spell: Vampiric Draining
  2523 | D:3      | Reached skill level 5 in Necromancy
  2655 | D:3      | Reached XP level 4. HP: 23/30 MP: 2/9
  3044 | D:3      | Found a broken altar of Ashenzari.
  3045 | D:3      | Found a glowing golden altar of the Shining One.
  3046 | D:3      | Found a stormy altar of Qazlal.
  3157 | D:3      | Learned a level 4 spell: Animate Dead
  3250 | D:3      | Reached XP level 5. HP: 14/35 MP: 0/11
  3844 | D:3      | Found an ornate altar of the Wu Jian Council.
  4053 | D:4      | Found Muackukkuo's Assorted Antiques.
  4061 | D:4      | Bought a fabulously ornate robe for 114 gold pieces
  4061 | D:4      | Bought a scroll labelled EBIGHO QOKHLA for 20 gold pieces
  4071 | D:4      | Identified the +0 robe of Fedhas's Scorn {Dex+3} (You
                  | bought it in a shop on level 4 of the Dungeon)
  4135 | D:4      | Found Tefaucru's Antique Armour Shoppe.
  4217 | D:4      | Found Mavanyek's Book Boutique.
  4330 | D:4      | Found a hide-covered altar of Uskayaw.
  4365 | D:4      | Reached skill level 6 in Necromancy
  4510 | D:4      | Found Atayxen's Magic Scroll Emporium.
  4514 | D:4      | Bought a scroll of identify for 26 gold pieces
  4769 | D:5      | Entered Level 5 of the Dungeon
  4787 | D:5      | Found an opulent altar of Gozag.
  4790 | D:5      | Noticed a phantom
  4998 | D:5      | Found a runed translucent door.
  5000 | D:5      | Noticed kae's ghost (novice HOFi)
  5083 | D:5      | Found a runed translucent door.
  5131 | D:5      | Found a staircase to the Ecumenical Temple.
  5151 | Temple   | Entered the Ecumenical Temple
  5455 | D:5      | Noticed Eustachio
  5489 | Temple   | Learned a level 2 spell: Call Imp
  5736 | D:5      | Killed Eustachio
  5737 | D:5      | Reached skill level 5 in Spellcasting
  5737 | D:5      | Reached XP level 6. HP: 35/41 MP: 1/13
  6145 | D:5      | Noticed Edmund
  6147 | D:5      | Became a worshipper of Gozag Ym Sagoz the Greedy
  6165 | D:5      | Killed Edmund
  6166 | D:5      | Reached skill level 7 in Necromancy
  6638 | D:5      | Reached XP level 7. HP: 35/46 MP: 7/15
  7180 | D:6      | Found an ancient bone altar of Kikubaaqudgha.
  7362 | D:6      | Found a white marble altar of Elyvilon.
  7657 | D:6      | Found Vieng's Assorted Antiques.
  7659 | D:6      | Found Kibreiz's General Store.
  7659 | D:6      | Found Kipriplant's Armour Shop.
  7743 | D:6      | Found Irghytop's Jewellery Shop.
  7758 | D:6      | Bought a scroll labelled CUS YTOTEDEOLOE for 26 gold pieces
  8040 | D:6      | Noticed Borgoz's ghost (novice GrBe)
  8285 | D:6      | Noticed a two-headed ogre
  8416 | D:6      | Reached skill level 8 in Necromancy
  8430 | D:5      | Learned a level 5 spell: Agony
  8937 | D:6      | Noticed Maggie
  8985 | D:7      | Noticed a two-headed ogre
  8992 | D:7      | Mangled by a two-headed ogre

Illustrated notes

Levels and vault maps discovered:
D:1:      dpeg_arrival_rooms_b, layout_rooms, glass_columns_a
D:2:      layout_basic, ebering_dispersal_statue_hall, serial_bayou_ford_a
D:3:      layout_loops_cross, marbit_many_paths,
          chequers_temple_overflow_statue_of_worship, kennysheep_generic_room_7
D:4:      layout_loops_ring, eat_drink_and_be_merry_uskayaw, serial_shops,
          nicolae_shop_waterfront, kennysheep_little_box, shop,
          nicolae_shop_window_shopping, hangedman_feature_mirror
D:5:      layout_cave_pods, nicolae_gozag_seed_capital,
          minmay_temple_entry_glassed_door, ebering_ghost_sewer_f,
          minmay_misc_feat_ornament, minmay_misc_feat_rows,
          kennysheep_small_square, uniq_eustachio, uniq_edmund
D:6:      wander_guarded_unrand_ratskin, layout_rooms, lemuel_round_altar,
          kennysheep_mini_moat, gammafunk_ghost_icy, minivault_5,
          minmay_shop_grid_forest, corner_web_ring, uniq_maggie
D:7:      layout_loops_cross, serial_shops, shop, shop_fountains,
          nicolae_shop_trees, basic_altar, uniq_joseph, uniq_menkaure
Temple:   nicolae_temple_figure_eight

Skill      XL: |  1  2  3  4  5  6  7 |
---------------+----------------------+-----
Spellcasting   | 3 4 5 6 |  6.5
Necromancy     | 5 6 7 8 |  8.1
Fighting       | |  0.1
Dodging        | |  1.5
Stealth        | |  1.6

Action                   |  1- 3 |  4- 6 |  7- 9 || total
-------------------------+-------+-------+-------++-------
Melee: Club              |    17 |    34 |       ||    51
       Unarmed           |     1 |       |       ||     1
       Rapier            |       |     1 |    57 ||    58
 Cast: Pain              |    81 |    81 |    21 ||   183
       Vampiric Draining |       |     5 |    11 ||    16
       Call Imp          |       |    19 |    29 ||    48
       Agony             |       |       |     2 ||     2
Evoke: Wand              |       |     1 |     1 ||     2
  Use: Scroll            |       |     8 |     1 ||     9
Armor: Robe              |     7 |     8 |     2 ||    17
Dodge: Dodged            |    41 |    64 |   104 ||   209

Table legend: (Time is in decaauts)
 A = Elapsed time spent in this place.
 B = Non-inter-level travel time spent in this place.
 C = Inter-level travel time spent in this place.
 D = Time resting spent in this place.
 E = Time spent auto-exploring this place.
 F = Levels seen in this place.
 G = Mean time per level.
                   A        B        C        D        E       F      G
               +--------+--------+--------+--------+--------+-----+--------+
         Total |   9047 |   8630 |    417 |   1813 |   5386 |   8 | 1130.9 |
       Dungeon |   8645 |   8241 |    404 |   1642 |   5179 |   7 | 1235.0 |
        Temple |    401 |    388 |     13 |    171 |    207 |   1 |  401.0 |
               +--------+--------+--------+--------+--------+-----+--------+

Top non-repeatable levels by time:
     D:5: 2478 daAuts
     D:3: 1584 daAuts
     D:6: 1331 daAuts
     D:2: 1229 daAuts
     D:1: 1182 daAuts
     D:4: 833 daAuts
  Temple: 401 daAuts
     D:7: 6 daAuts
